Yelgo, chaotic female elven Ranger -- .| --------..| | ---........----- |.---.........-- ..| ---- |.....<..(...-- --.---..--- |..%.........---|.........- | --...........--....---...| --..............--- --..| ---..%.....|.....| --- |..........|-...-- |........---|...-- ---.--...| ---..| -- -)--- --.-- ..| |h@-- --- |...| ---d| --- Yelgo the Tenderfoot Experience level: 1 Strength: 15 Dexterity: 10 Constitution: 15 Intelligence: 11 Wisdom: 16 Charisma: 9 Health: 0(13) Energy: 8(8) Def: 12 Gold: 794 Moves: 2844 Dungeon seed: 7jELGkviq_0hmzzw Game ID: Yelgo_1632244795 Your Inventory: Amulets B - an uncursed amulet of ESP (being worn) Weapons d - an uncursed +1 elven dagger e - an uncursed +1 elven bow (alternate weapon; not wielded) h - 5 uncursed +0 daggers I - 13 uncursed +0 darts J - 3 blessed +0 arrows M - 55 uncursed +2 elven arrows Q - 38 uncursed +0 elven arrows (in quiver) R - 11 uncursed +0 orcish arrows Armor b - an uncursed +2 elven cloak (being worn) N - an uncursed +0 pair of iron shoes (being worn) Y - an uncursed +0 plate mail (being worn) Comestibles f - 5 uncursed lembas wafers l - 3 uncursed food rations o - 2 uncursed lichen corpses s - an uncursed tripe ration C - an uncursed mango Scrolls g - an uncursed scroll of summoning i - an uncursed scroll of teleportation q - an uncursed scroll of destroy armor u - a cursed scroll of confuse monster Spellbooks w - a cursed spellbook of wizard lock y - a blessed spellbook of speed monster Potions j - an uncursed potion of sickness p - an uncursed potion of restore ability A - an uncursed potion of invisibility D - an uncursed potion of see invisible Tools k - an uncursed skeleton key t - an uncursed blindfold x - an uncursed +0 pick-axe (weapon in hand) F - 11 uncursed wax candles (0:400) H - 5 uncursed tallow candles (0:200) K - an uncursed fire horn (0:6) O - an uncursed lock pick Gems n - an uncursed worthless piece of yellow glass r - an uncursed worthless piece of black glass z - 3 uncursed worthless pieces of white glass L - 2 uncursed worthless pieces of green glass P - an uncursed worthless piece of yellowish brown glass Coins $ - 794 gold pieces Spells and supernatural/magical abilities: Name Level Category Cost Memory W - pray for help -- divine ? -- Your skills at the end: Fighting Skills wands [Basic] Weapon Skills dagger [Basic] bow [Basic] Spellcasting Skills Final Attributes: You were piously aligned. You were immune to sleep. You saw invisible. You were strongly telepathic. You had automatic searching. You had infravision. You were stealthy. You were lucky. Mars was noncommittal. You are dead. Vanquished creatures: a shrieker 4 gnome lords a gnomish wizard a kitten 6 dwarves an acid blob a large kobold a giant rat 2 cave spiders a green mold 14 gnomes 3 geckos 8 jackals 2 foxes a kobold 2 goblins a sewer rat 5 grid bugs a bat 4 lichens 7 newts 67 creatures vanquished. Voluntary challenges: You were an atheist. You used a wielded weapon 3 times, starting on turn 146. You read items or engraved 6 times, starting on turn 591. You never genocided any monsters. You never polymorphed an object. You never changed form. You used no wishes. You never split a pudding. You wrote Elbereth's name 3 times, starting on turn 591. You never violated your personal moral code. Dungeon overview: The Dungeons of Doom: levels 1 to 5 Level 1 a vault a long staircase Level 2 a vault Level 3 a fountain Level 4 some fountains stairs to The Gnomish Mines Level 5 a sink The Gnomish Mines: levels 5 to 7 Level 5 stairs to The Dungeons of Doom Level 6 Level 7 <- You were here History has recorded: On T:1 you entered the Dungeons of Doom to retrieve the Amulet of Yendor! On T:98 you reached level 2 of The Dungeons of Doom. On T:744 you reached level 3 of The Dungeons of Doom. On T:1240 you reached level 4 of The Dungeons of Doom. On T:1791 you reached level 5 of The Dungeons of Doom. On T:2319 you reached level 1 of The Gnomish Mines. On T:2339 you reached level 2 of The Gnomish Mines. On T:2664 you reached level 3 of The Gnomish Mines. Score breakdown: Gold: 794 ( 9866 points) Experience: 1 level ( 0 points) Exploration: 7 levels ( 13.73%) (10392 points) Discoveries: 3 items ( 1.02%) ( 3025 points) Valuables value: (no points given unless you survive) Artifact value: 0 ( 0 points) Variety of kills: 21 monsters ( 5.53%) ( 7052 points) Turncount: 2844 turns ( -521 points) Survival: died (score multiplied by 80%) Total score: 23851 Latest messages: [2 turns] (2x) Sirius howls. The dwarf queen turns to flee! You hear a kobold lady pronouncing the formula on a scroll labeled KIRJE! It must be a scroll of teleportation. [2 turns] (3x) You hear some noises in the distance. [2 turns] The dwarf queen thrusts her broad short sword at you. The dwarf queen misses. The dwarf queen thrusts her broad short sword at you. The dwarf queen misses. [2 turns] (3x) You displace Sirius. You see here 11 crude arrows. You have a little trouble lifting R - 11 crude arrows. [2 turns] The dwarf queen thrusts her broad short sword at you. The dwarf queen hits! The dwarf queen thrusts her broad short sword at you. The dwarf queen hits! You die... Final status: Goodbye Yelgo the Ranger, killed by a dwarf queen... You died in The Gnomish Mines on dungeon level 7 with 23851 points, and 794 pieces of gold, after 2844 moves. You were level 1 with a maximum of 13 hit points when you died.